Map: Kairos Junction LE

Players

jheffe - Winner!

  • Race: Terran Terran
  • League: Master
  • Spawn Location: 11:00

A.I. 2 (Very Hard)

  • Race: Protoss Protoss
  • Spawn Location: 5:00

VOD

Have the link to the VOD?

Description

Time

  • Played on: Aug. 12, 2019, 10:30 p.m.
  • Length: 9:33
Show
View Real Time Build Order
Export as new Build Order

jheffe Terran - Winner!

Build Orders: Reaper Expand 

Get SALT Encoding   

  12  0:01  SCV  
  13  0:13  SCV  
  14  0:18  Supply Depot  
  14  0:25  SCV  
  15  0:39  SCV  
  15  0:41  Barracks  
  16  0:44  Refinery  
  16  0:51  SCV  
  17  1:03  SCV  
  18  1:15  SCV  
  19  1:28  Reaper  
  19  1:29  Orbital Command  
  20  1:41  Command Center  
  20  1:51  Supply Depot  
  20  1:55  SCV  
  20  2:00  Marine  
  22  2:14  Factory, SCV  
  23  2:17  Refinery  
  23  2:21  Barracks Reactor  
  23  2:26  SCV  
  24  2:38  SCV  
  25  2:54  SCV  
  25  2:55  Orbital Command  
  26  3:01  Marine x2  
  26  3:03  Factory Tech Lab  
  28  3:06  SCV  
  28  3:10  Starport  
  29  3:18  Marine, SCV  
  29  3:19  Marine  
  32  3:21  Cyclone  
  32  3:24  SCV  
  36  3:30  SCV  
  36  3:31  Supply Depot  
  37  3:36  Marine x2, SCV  
  40  3:43  SCV  
  41  3:49  SCV  
  41  3:53  Barracks  
  41  3:55  SCV  
  43  3:58  Raven  
  43  3:59  Marine x2, Factory Tech Lab  
  43  4:01  SCV  
  43  4:02  Bunker  
  48  4:04  Supply Depot  
  48  4:07  SCV  
  49  4:11  Barracks  
  49  4:16  SCV  
  50  4:17  Marine x2  
  50  4:20  SCV  
  53  4:26  Siege Tank  
  53  4:28  SCV  
  53  4:29  Engineering Bay  
  57  4:32  Refinery  
  57  4:36  SCV, Supply Depot  
  58  4:39  Marine x2  
  58  4:44  SCV  
  61  4:49  Stimpack  
  61  4:51  SCV  
  62  4:54  Refinery  
  62  4:58  Terran Infantry Weapons Level 1, Marauder  
  64  5:05  SCV  
  64  5:06  SCV, Supply Depot  
  66  5:08  Marine x2  
  66  5:09  Starport Reactor  
  66  5:11  Marauder  
  70  5:16  Supply Depot  
  70  5:22  Supply Depot  
  70  5:25  Factory Reactor  
  70  5:28  Combat Shield, Marine x2, SCV x2, Marauder  
  76  5:33  Marauder  
  78  5:39  Supply Depot  
  78  5:40  SCV  
  79  5:45  Marine  
  79  5:46  Marine  
  79  5:49  Marauder  
  83  5:52  Supply Depot  
  83  5:54  Marauder  
  83  5:55  Medivac x2  
  89  5:59  SCV  
  89  6:02  Widow Mine x2  
  89  6:03  Marine  
  89  6:04  Marine  
  95  6:08  Supply Depot  
  95  6:11  Marauder  
  98  6:15  Marauder  
  100  6:19  Supply Depot  
  100  6:22  Marine  
  100  6:24  Widow Mine x2  
  105  6:33  Marine, Marauder  
  105  6:35  Medivac x2  
  105  6:36  Marine  
  113  6:43  Supply Depot  
  113  6:47  Widow Mine x2  
  117  6:54  Marauder  
  119  7:03  Terran Infantry Armor Level 1  
  119  7:08  Marine x2, Marauder  
  118  7:12  Command Center  
  118  7:16  Marauder  
  118  7:21  Widow Mine x2  
  124  7:23  SCV  
  124  7:24  Barracks  
  124  7:25  Marine  
  124  7:26  Barracks, Marine, SCV  
  124  7:29  Marauder, Supply Depot  
  130  7:36  Concussive Shells  
  130  7:39  Medivac x2  
  134  7:50  Marine x2  
  140  7:51  Widow Mine, Marauder  
  140  7:52  SCV  
  140  7:54  Supply Depot  
  141  8:05  SCV  
  142  8:15  Barracks Reactor, Medivac, Marine, Barracks Tech Lab, SCV  
  142  8:16  Marauder x2  
  150  8:23  Marine  
  150  8:24  Widow Mine x2, SCV  
  150  8:26  Orbital Command  
  156  8:31  Armory  
  156  8:32  SCV  
  156  8:33  Marine  
  158  8:35  Engineering Bay  
  158  8:37  Marauder  
  160  8:46  Marine, Marauder x2  
  165  8:50  Starport  
Show
View Real Time Build Order
Export as new Build Order

A.I. 2 (Very Hard) Protoss 

Build Orders: 1 Gate Expand 

Get SALT Encoding   

  12  0:00  Probe  
  13  0:13  Probe  
  14  0:20  Pylon  
  14  0:25  Probe  
  15  0:34  Probe  
  15  0:42  Probe  
  17  0:50  Gateway  
  17  0:52  Probe  
  18  1:00  Probe  
  19  1:16  Probe  
  19  1:17  Nexus  
  20  1:28  Probe  
  21  1:37  Pylon  
  21  1:39  Zealot  
  23  1:44  Cybernetics Core  
  23  1:48  Assimilator  
  23  1:55  Probe  
  24  2:03  Probe  
  25  2:11  Probe  
  25  2:20  Probe  
  25  2:26  Pylon  
  25  2:28  Probe  
  25  2:29  Probe  
  27  2:35  Warp Gate  
  27  2:36  Probe  
  28  2:41  Probe  
  29  2:45  Gateway  
  29  2:47  Assimilator  
  29  2:49  Probe  
  30  2:53  Stalker  
  32  3:02  Pylon, Probe x2  
  34  3:10  Probe  
  34  3:14  Probe  
  34  3:17  Adept  
  38  3:29  Probe  
  38  3:30  Probe  
  38  3:32  Robotics Facility, Adept  
  42  3:41  Probe  
  43  3:43  Probe, Adept  
  46  3:53  Probe  
  46  3:55  Probe  
  48  4:02  Adept  
  50  4:03  Adept  
  50  4:05  Probe  
  50  4:07  Probe  
  52  4:14  Pylon  
  54  4:17  Probe  
  54  4:19  Probe  
  54  4:23  Robotics Bay  
  56  4:25  Pylon  
  56  4:26  Observer  
  56  4:29  Probe  
  58  4:39  Gateway, Adept  
  58  4:42  Pylon  
  58  4:43  Probe  
  58  4:44  Probe  
  62  4:54  Robotics Facility  
  62  5:00  Stalker  
  64  5:09  Zealot  
  64  5:11  Pylon  
  66  5:15  Probe  
  66  5:23  Pylon  
  66  5:24  Stalker  
  66  5:25  Zealot  
  70  5:30  Gateway  
  70  5:33  Zealot  
  72  5:39  Zealot  
  74  5:45  Probe  
  74  5:46  Stalker  
  74  5:47  Assimilator  
  77  5:52  Twilight Council  
  77  5:54  Pylon  
  77  5:55  Assimilator  
  77  5:57  Sentry  
  79  6:10  Probe x2  
  81  6:18  Probe  
  81  6:21  Pylon  
  81  6:22  Probe  
  83  6:26  Probe  
  83  6:34  Probe  
  84  6:40  Warp Prism  
  84  6:41  Zealot x2  
  84  6:42  Zealot x2  
  84  6:45  Templar Archives  
  94  6:47  Gateway  
  94  6:50  Forge  
  94  6:51  Nexus  
  94  6:55  Zealot  
  94  6:59  Pylon  
  95  7:01  Zealot  
  95  7:02  Zealot x2, Observer  
  70  7:12  Zealot  
  62  7:22  Zealot, Sentry, Stalker  
  56  7:23  Zealot  
  56  7:26  Photon Cannon  
  56  7:29  Probe  
  48  7:30  Sentry  
  48  7:31  Photon Cannon, Probe  
  44  7:42  Stalker  
  44  7:43  Zealot  
  44  7:44  Probe  
  42  7:45  Zealot x2  
  19  7:58  Adept  
  19  8:03  Sentry  
  19  8:04  Zealot  
  25  8:08  Zealot  
  19  8:24  Pylon  
  19  8:25  Zealot  
  20  8:38  Adept  
  17  8:49  Probe  
  16  8:58  Probe  
  5  9:06  Probe  
Tags
 
Add a new tag
Caveats
  • Supply blocks, unpowered buildings, or Contaminate may cause inaccurate times.
  • Supply counts are checked every 10 seconds.